 Dungeon Crawl Stone Soup version 0.26.0-7-g794d0892b4 (webtiles) character file.

Game seed: 12088837090350628190

11 jackrogers the Sneak (level 2, 0/25 HPs)
             Began as a Demigod Delver on Jan 11, 2021.
             Succumbed to an adder's poison
             ... on level 3 of the Dungeon.
             The game lasted 00:00:30 (68 turns).

jackrogers the Sneak (Demigod Delver)                 Turns: 68, Time: 00:00:31

Health: 0/25       AC:  3    Str: 15    XL:     2   Next: 6%
Magic:  4/4        EV: 12    Int: 14    God:
Gold:   0          SH:  0    Dex: 17    Spells: 1/1 levels left

rFire    . . .     SeeInvis .   a - +0 hand axe
rCold    . . .     Faith    .   (no shield)
rNeg     . . .     Spirit   .   b - +0 leather armour
rPois    .         Reflect  .   (no helmet)
rElec    .         Harm     .   (no cloak)
rCorr    .         Rampage  .   (no gloves)
Will     .....                  (no boots)
Stlth    +++.......             (no amulet)
HPRegen  0.08/turn              (no ring)
MPRegen  0.09/turn              (no ring)

@: lethally poisoned (0 -> -3), flying
A: high mp 1
a: no special abilities


You were on level 3 of the Dungeon.
You visited 1 branch of the dungeon, and saw 3 of its levels.

Inventory:

Hand Weapons
 a - a +0 hand axe (weapon)
Armour
 b - a +0 leather armour (worn)
Wands
 g - a wand of digging (3)
Scrolls
 c - a scroll of fog
 d - a scroll of magic mapping {!r}
 e - a scroll of fear
Potions
 f - a potion of haste


   Skills:
 - Level 2.6 Fighting
 + Level 2.6 Axes
 - Level 1.7 Dodging
 - Level 4.5 Stealth


You had one spell level left.
You didn't know any spells.
Your spell library was empty.

Dungeon Overview and Level Annotations

Branches:
Dungeon (5/15)
 Temple: D:4-7

Annotations:
D:5 1 runed translucent door


Innate Abilities, Weirdness & Mutations

You have an increased reservoir of magic. (+10% MP)


Message History

Welcome, jackrogers the Demigod Delver.
Will you prevail where others failed? Will you find the Orb of Zot?
Found a stone staircase leading down.
There are no items here.
Found a stone staircase leading up.
There is a stone staircase leading up here.
You climb upwards.
Found a stone staircase leading up.
There is a stone staircase leading down here.
There is a stone staircase leading up here.
You climb upwards.
The frilled lizard hisses angrily.
A frilled lizard and a hobgoblin come into view.
The hobgoblin shouts!
There is a stone staircase leading down here.
The frilled lizard hisses angrily.
The frilled lizard bites you but does no damage.
You closely miss the frilled lizard. The frilled lizard barely misses you.
You hit the frilled lizard. x2
You kill the frilled lizard!
The frilled lizard bites you but does no damage.
You closely miss the frilled lizard.
The frilled lizard bites you but does no damage.
You miss the frilled lizard. The frilled lizard closely misses you.
You hit the frilled lizard.
You kill the frilled lizard!
The hobgoblin hits you but does no damage.
Your leather armour prevents you from hitting the hobgoblin.
The hobgoblin misses you.
You hit the hobgoblin. The hobgoblin misses you.
You hit the hobgoblin. The hobgoblin closely misses you.
You closely miss the hobgoblin. The hobgoblin misses you.
You hit the hobgoblin.
You kill the hobgoblin!
Your Axes skill increases to level 2!
No target in view!
No target in view!
No target in view!
Things that are here:
a cursed -3 club; a hobgoblin corpse; a frilled lizard corpse An adder comes into view.
Spoiler Alert: The adder (asleep) is fast and can poison!
An adder is nearby!
Spoiler Alert: The adder (asleep) is fast and can poison!
An adder is nearby!
Spoiler Alert: The adder (asleep) is fast and can poison!
The adder hisses angrily.
Spoiler Alert: The adder is fast and can poison!
You barely miss the adder. The adder bites you.
You are poisoned.
The adder poisons you!
You miss the adder.
You feel sick. The adder completely misses you. The adder barely misses you.
You completely miss the adder.
You feel sick. The adder bites you but does no damage.
Spoiler Alert: The adder is fast and can poison!
Unknown command.
You hit the adder. The adder misses you. The adder bites you.
You are lethally poisoned!
The adder poisons you!
You hit the adder.
You feel sick. The adder bites you.
You barely miss the adder.
You feel sick. The adder bites you but does no damage. The adder bites you.
Spoiler Alert: The adder is fast and can poison!
You hit the adder.
* * * LOW HITPOINT WARNING * * *
You feel sick. The adder bites you but does no damage.
You barely miss the adder.
* * * LOW HITPOINT WARNING * * *
You feel sick. The adder closely misses you. The adder barely misses you.
Spoiler Alert: The adder is fast and can poison!
You hit the adder.
You kill the adder!
You have reached level 2!
* * * LOW HITPOINT WARNING * * *
You feel sick.
* * * LOW HITPOINT WARNING * * *
You feel sick.
* * * LOW HITPOINT WARNING * * *
You feel sick.
You see here a coppery potion.
h - a coppery potion
* * * LOW HITPOINT WARNING * * *
You feel sick.
It was a potion of flight.
You feel very buoyant.
You fly up into the air.
Okay, then.
Okay, then.
There is a lethal amount of poison in your body!
There is a lethal amount of poison in your body!
* * * LOW HITPOINT WARNING * * *
You feel sick.
* * * LOW HITPOINT WARNING * * *
You feel sick.
You die...

##### ##+####### .....#
#........# ......
#........#
#.....#####........#
...................#
#.#.#.#.##.........#
#........#.........+
#.#.#.#.##.........#
#.....)..#......@..#
#.#.#.#.##..............
#....>.....##.##########
#.#.#.#.#..##.#
...............
............#.#.
#########...#+# .....
.....


There were no monsters in sight!

Vanquished Creatures
  An adder (D:3)
  A hobgoblin (D:3)
  2 frilled lizards (D:3)
4 creatures vanquished.

Notes
Turn   | Place    | Note
-------+----------+-------------------------------------------
     0 | D:5      | jackrogers the Demigod Delver began the quest for the Orb.
     0 | D:5      | Reached XP level 1. HP: 18/18 MP: 3/3
    10 | D:5      | Found a runed translucent gate.
    34 | D:3      | Reached skill level 2 in Axes
    48 | D:3      | HP: 4/18 [poisoned by an adder]
    50 | D:3      | Reached XP level 2. HP: 5/25 MP: 4/4
    54 | D:3      | HP: 3/25 [poisoned by an adder]
    60 | D:3      | HP: 1/25 [poisoned by an adder]
    68 | D:3      | Succumbed to an adder's poison

Illustrated notes

Levels and vault maps discovered:
D:3:      layout_basic, chequers_ecumenical_altar_simple_redux, st_stairs_8
D:4:      layout_loops_corners, grunt_temple_overflow_holy_war, serial_shops,
          shop_statue, kennysheep_slug_shrine
D:5:      layout_basic, makhleb_grotto_becter, minitemple,
          gammafunk_ghost_necromancy

Skill      XL: |  1 |
---------------+----+-----
Axes           | 2 |  2.6
Fighting       | |  2.6
Dodging        | |  1.7
Stealth        | |  4.5

Action                   || total
-------------------------++-------
Melee: Hand axe          ||    19
  Use: Potion            ||     1
Armor: Leather armour    ||     7
Dodge: Dodged            ||    11

Table legend: (Time is in decaauts)
 A = Elapsed time spent in this place.
 B = Non-inter-level travel time spent in this place.
 C = Inter-level travel time spent in this place.
 D = Time resting spent in this place.
 E = Time spent auto-exploring this place.
 F = Levels seen in this place.
 G = Mean time per level.
                   A        B        C        D        E       F      G
               +--------+--------+--------+--------+--------+-----+--------+
         Total |     71 |     71 |      0 |      0 |     10 |   3 |   23.7 |
       Dungeon |     71 |     71 |      0 |      0 |     10 |   3 |   23.7 |
               +--------+--------+--------+--------+--------+-----+--------+

Top non-repeatable levels by time:
     D:3: 53 daAuts
     D:5: 12 daAuts
     D:4: 5 daAuts

Table legend:
 A = Kills in this place as a percentage of kills in entire the game.
 B = Kills by you in this place as a percentage of kills by you in the entire game.
 C = Kills by friends in this place as a percentage of kills by friends in the entire game.
 D = Other kills in this place as a percentage of other kills in the entire game.
 E = Experience gained in this place as a percentage of experience gained in the entire game.
 F = Experience gained in this place divided by the number of levels of this place that you have seen.
                   A       B       C       D       E      F
               +-------+-------+-------+-------+-------+----------------------
         Total | 100.0 | 100.0 |   N/A |   N/A | 100.0 |   5.7
       Dungeon | 100.0 | 100.0 |   N/A |   N/A | 100.0 |   5.7
               +-------+-------+-------+-------+-------+----------------------
